Map: Paladino Terminal LE

Players

Musumeci

  • Race: Zerg Zerg
  • League: Diamond
  • Spawn Location: 9:00

rumata - Winner!

  • Race: Zerg Zerg
  • League: Diamond
  • Spawn Location: 5:00

VOD

Have the link to the VOD?

Description

Time

  • Played on: April 3, 2017, 11:36 a.m.
  • Length: 13:04
Show
View Real Time Build Order
Export as new Build Order

Musumeci Zerg 

Build Orders: Hatch First 

Get SALT Encoding   

  12  0:01  Drone  
  13  0:13  Overlord  
  13  0:19  Drone  
  14  0:22  Extractor  
  14  0:24  Drone  
  15  0:31  Drone  
  15  0:35  Drone  
  17  0:56  Hatchery  
  16  0:59  Extractor  
  16  1:00  Drone  
  17  1:14  Spawning Pool  
  17  1:16  Extractor  
  15  1:19  Drone  
  15  1:23  Drone  
  17  1:27  Drone  
  17  1:30  Drone  
  19  1:40  Overlord  
  19  1:51  Drone  
  20  2:01  Queen  
  20  2:02  Zergling x2  
  23  2:09  Queen  
  23  2:10  Drone  
  23  2:13  Zergling x2  
  27  2:19  Metabolic Boost  
  27  2:28  Zergling x2  
  28  2:36  Zergling x6  
  31  2:40  Baneling Nest  
  30  2:59  Queen, Drone  
  30  3:00  Drone x2  
  30  3:02  Drone  
  36  3:21  Overlord  
  36  3:22  Overlord  
  36  3:24  Baneling  
  36  3:25  Baneling  
  36  3:41  Baneling x2  
  36  3:42  Zergling x14  
  42  3:54  Drone x2  
  44  4:09  Overlord  
  44  4:15  Overlord  
  42  4:36  Hatchery  
  36  5:01  Drone  
  36  5:02  Drone x5, Extractor  
  36  5:03  Extractor  
  40  5:08  Baneling x2  
  40  5:16  Drone x2  
  40  5:18  Drone  
  43  5:22  Baneling x3  
  43  5:28  Lair  
  43  5:30  Drone  
  43  5:31  Drone, Extractor  
  44  5:42  Evolution Chamber  
  42  5:49  Drone  
  44  5:50  Drone x6  
  49  6:00  Overlord x3  
  49  6:07  Extractor  
  49  6:25  Drone x8  
  57  6:26  Evolution Chamber  
  57  6:28  Extractor  
  57  6:30  Spire  
  53  6:58  Spine Crawler x2  
  53  6:59  Spine Crawler  
  53  7:00  Spine Crawler  
  49  7:01  Spine Crawler  
  49  7:02  Spine Crawler x2  
  49  7:03  Spine Crawler  
  34  7:41  Mutalisk x10  
  46  7:57  Mutalisk  
  45  8:10  Drone x8  
  45  8:34  Drone x6  
  44  8:47  Evolution Chamber  
  43  8:51  Drone  
  44  9:02  Drone x3  
  45  9:36  Drone x6  
  45  9:37  Spire  
  50  9:50  Drone x4  
  50  10:15  Drone x4  
  50  10:16  Drone x2  
  50  10:19  Queen x2  
  60  10:31  Drone  
  60  10:32  Drone  
  62  10:41  Overseer  
  62  10:51  Hatchery, Mutalisk x3  
  62  10:56  Zergling x2  
  68  11:12  Overlord  
  68  11:13  Overlord x3  
  68  11:18  Baneling x2  
  68  11:20  Extractor  
  68  11:22  Extractor  
  60  11:28  Zergling x4  
  62  11:42  Zergling x2  
  62  11:43  Zergling x6  
  66  11:47  Baneling x2  
  66  11:48  Baneling x2  
  66  11:57  Overlord  
  66  11:58  Overlord  
  62  12:08  Baneling x3  
  62  12:09  Baneling x3  
  62  12:13  Mutalisk x5  
  70  12:21  Baneling x2  
Show
View Real Time Build Order
Export as new Build Order

rumata Zerg - Winner!

Build Orders: Pool First 

Get SALT Encoding   

  12  0:12  Overlord  
  12  0:16  Drone  
  13  0:22  Drone  
  14  0:32  Drone  
  15  0:41  Spawning Pool  
  14  0:44  Extractor  
  14  0:45  Drone  
  14  0:50  Drone  
  14  0:56  Drone  
  16  1:09  Drone  
  17  1:25  Hatchery  
  16  1:35  Queen  
  18  1:40  Drone  
  19  1:48  Metabolic Boost  
  19  1:55  Zergling x4  
  19  1:59  Zergling x2  
  22  2:08  Overlord  
  22  2:26  Queen  
  22  2:29  Drone  
  26  2:30  Drone  
  26  2:39  Queen  
  26  2:40  Drone  
  26  2:41  Drone  
  30  2:50  Baneling Nest  
  30  2:51  Drone  
  30  3:00  Drone x2  
  30  3:01  Drone  
  33  3:11  Zergling x6  
  36  3:19  Overlord  
  36  3:36  Baneling  
  36  3:37  Baneling x4  
  36  3:58  Drone x7  
  36  3:59  Drone  
  44  4:03  Extractor  
  44  4:07  Evolution Chamber  
  44  4:08  Evolution Chamber  
  41  4:13  Overlord  
  41  4:31  Overlord  
  37  4:53  Zergling x8  
  37  4:54  Zergling x16  
  49  5:01  Zerg Ground Armor Level 1  
  50  5:07  Drone x2, Roach Warren  
  50  5:11  Baneling x2  
  50  5:22  Zerg Missile Weapons Level 1  
  50  5:24  Drone x2  
  51  5:44  Overlord x3  
  51  6:02  Roach x2  
  51  6:03  Roach x7  
  51  6:04  Roach  
  71  6:18  Roach x2  
  75  6:20  Overlord x2  
  75  6:21  Overlord x2  
  75  6:27  Extractor  
  74  6:41  Roach  
  74  6:42  Roach x4  
  84  7:05  Baneling x2  
  84  7:09  Roach x4  
  84  7:10  Roach x2, Zergling x2  
  84  7:11  Hatchery  
  89  7:48  Roach  
  89  7:49  Roach x6  
  103  7:58  Lair  
  103  8:04  Spore Crawler  
  76  8:35  Spore Crawler  
  76  8:37  Queen  
  76  8:41  Spore Crawler  
  68  8:44  Drone x3  
  68  8:46  Extractor  
  69  9:01  Zerg Missile Weapons Level 2, Spore Crawler  
  68  9:03  Hydralisk Den  
  62  9:13  Burrow  
  62  9:14  Queen  
  62  9:16  Drone x3  
  62  9:32  Muscular Augments, Hydralisk x2  
  62  9:33  Hydralisk  
  66  9:38  Spore Crawler  
  66  9:39  Spore Crawler x2  
  66  9:45  Hydralisk x2  
  65  10:04  Hydralisk x3  
  71  10:15  Hydralisk x3  
  71  10:21  Drone x2  
  79  10:24  Queen  
  78  10:30  Drone x2  
  80  10:37  Hydralisk  
  80  10:42  Drone x2  
  84  10:46  Drone x2  
  86  10:56  Spore Crawler  
  85  11:02  Hydralisk x2  
  89  11:09  Lurker Den  
  89  11:40  Hydralisk x2  
  89  11:41  Hydralisk x2  
  89  11:43  Overlord x3  
  97  11:50  Unknown  
  94  12:09  Hydralisk x5  
Tags
 
Add a new tag
Caveats
  • Supply blocks, unpowered buildings, or Contaminate may cause inaccurate times.
  • Supply counts are checked every 10 seconds.